Map: 克哈裂隙

Players

ImDesperado

  • Race: Zerg Zerg
  • Spawn Location: 7:00

DJdog

  • Race: Zerg Zerg

VOD

Have the link to the VOD?

Description

Time

  • Played on: Oct. 8, 2017, 11:10 a.m.
  • Length: 20:10
Show
View Real Time Build Order
Export as new Build Order

ImDesperado Zerg 

Build Orders:  

Get SALT Encoding   

  6  0:10  Drone x2  
  6  0:17  Drone x2  
  8  0:27  Drone x2  
  9  0:35  Drone x2  
  10  1:03  Spawning Pool  
  10  1:05  Drone x2  
  10  1:12  Extractor  
  10  1:15  Extractor  
  10  1:16  Drone x2  
  10  1:24  Drone x2  
  11  1:31  Drone x2  
  11  1:38  Drone x2  
  13  2:06  Baneling Nest  
  13  2:08  Drone x2  
  14  2:15  Evolution Chamber  
  14  2:17  Overlord  
  13  2:47  Centrifical Hooks  
  13  2:50  Swarmling x3  
  13  2:51  Swarmling x12  
  13  2:54  Overlord  
  19  3:18  Swarmling x6  
  26  3:40  Overlord  
  26  3:51  Lair  
  26  4:07  Queen  
  28  4:15  Drone x2  
  29  4:31  Metabolic Boost  
  29  4:35  Hatchery  
  30  4:42  Extractor  
  32  5:12  Corrosive Acid  
  32  5:19  Swarmling x12  
  38  5:21  Overlord  
  38  5:23  Overlord  
  37  6:00  Heroic Fortitude  
  37  6:07  Hardened Carapace  
  34  6:29  Drone x4  
  36  6:30  Drone x8  
  46  7:00  Swarmling x9  
  46  7:01  Swarmling x3  
  46  7:02  Aberration x2  
  58  7:16  Overseer x2  
  58  7:22  Drone x2  
  58  7:24  Queen  
  58  7:25  Overlord  
  59  7:33  Extractor  
  59  7:53  Medusa Blades  
  63  8:13  Drone x6  
  63  8:14  Drone x2  
  63  8:16  Overlord x2  
  67  8:23  Pneumatized Carapace  
  67  8:42  Hive  
  67  9:23  Protective Cover  
  67  9:26  Drone x2  
  70  9:45  Scourge Nest  
  70  9:49  Drone x2  
  71  9:53  Evolution Chamber  
  71  9:56  Hatchery  
  70  10:09  Roach x6  
  72  10:10  Roach x12  
  72  10:11  Roach x2  
  72  10:12  Aberration x3  
  72  10:13  Aberration  
  72  10:15  Overlord x3  
  56  11:19  Swarmling x6  
  64  11:20  Swarmling x30  
  64  11:21  Swarmling x27  
  64  11:22  Swarmling x21  
  97  11:55  Rupture  
  97  12:07  Simplified Genome  
  97  12:08  Scourge Nest  
  100  12:45  Zerg Melee Weapons Level 1  
  100  12:46  Zerg Ground Armor Level 1  
  100  12:50  Adrenal Overload  
  94  13:31  Roach x6  
  94  13:32  Roach x12  
  94  13:33  Roach x2  
  94  13:38  Overlord x3  
  94  13:39  Overlord x2  
  93  13:40  Overlord  
  93  13:41  Overlord  
  76  14:18  Shredding Claws, Corruptor x10  
  84  14:22  Swarmling x15  
  84  14:23  Swarmling x6  
  85  14:32  Overseer x2  
  57  15:39  Aberration  
  95  15:40  Aberration x5  
  58  15:41  Aberration  
  58  15:44  Swarmling x18  
  58  15:45  Swarmling x9  
  91  16:14  Overseer x2  
  91  16:15  Overseer x3  
  78  17:37  Swarmling x12  
  78  17:38  Swarmling x30  
  78  17:39  Swarmling x18  
  99  17:43  Overlord  
  100  18:04  Roach x2  
  100  18:05  Roach x14  
  100  18:06  Roach x4  
  74  18:45  Swarmling x3  
  74  18:46  Swarmling x33  
  74  18:47  Swarmling x24  
  82  19:10  Swarmling x9  
  82  19:11  Swarmling x24  
Show
View Real Time Build Order
Export as new Build Order

DJdog Zerg 

Build Orders:  

Get SALT Encoding   

  18  0:03  Primal Drone  
  19  0:12  Primal Drone  
  19  0:19  Primal Drone  
  21  0:26  Primal Drone  
  22  0:35  Extractor  
  22  0:42  Extractor  
  22  1:06  Primal Warden  
  22  1:09  Primal Drone  
  24  1:14  Primal Drone  
  25  1:21  Primal Drone  
  26  1:32  Primal Drone  
  27  1:41  Primal Drone  
  28  1:56  Primal Drone  
  29  2:11  Glevig's Den  
  28  2:28  Primal Drone  
  29  2:31  Primal Drone  
  30  2:42  Primal Drone  
  31  3:07  Primal Drone  
  32  3:26  Primal Attacks Level 1  
  32  3:38  Primal Hive  
  37  3:48  Murvar's Den  
  36  3:56  Primal Drone x2  
  38  4:00  Primal Drone  
  40  4:25  Primal Warden  
  40  4:31  Primal Drone x2  
  40  4:34  Primal Drone  
  43  5:10  Primal Warden  
  43  5:11  Primal Drone  
  43  5:12  Primal Drone  
  43  5:18  Extractor  
  43  5:19  Extractor  
  45  5:22  Primal Drone x3  
  45  5:23  Primal Drone  
  49  5:51  Dakrun's Den  
  48  6:15  Primal Reconstitution  
  48  6:19  Primal Carapace Level 1  
  48  6:21  Primal Drone x3  
  48  6:22  Primal Attacks Level 2  
  48  6:28  Primal Drone  
  52  6:30  Primal Drone x4  
  56  6:53  Primal Hydralisk x4  
  64  7:02  Primal Drone x2  
  64  7:04  Primal Drone x2  
  68  7:23  Primal Mutalisk  
  68  7:24  Primal Mutalisk  
  66  7:39  Primal Hydralisk  
  68  7:40  Primal Hydralisk x3  
  68  7:44  Primal Drone  
  68  7:45  Slicing Glave  
  75  7:59  Primal Hydralisk x2  
  79  8:00  Primal Hydralisk x2  
  83  8:14  Primal Mutalisk  
  83  8:15  Primal Mutalisk  
  81  8:29  Primal Mutalisk x2  
  79  8:36  Primal Hydralisk x4  
  87  8:47  Primal Wurm  
  88  9:15  Primal Drone x3  
  88  9:16  Primal Drone x2  
  88  9:17  Primal Carapace Level 2  
  89  9:26  Primal Mutalisk x2  
  89  9:29  Primal Hydralisk x3  
  94  9:42  Primal Wurm  
  94  9:52  Primal Hydralisk x3  
  94  9:55  Primal Hydralisk  
  94  9:59  Primal Mutalisk  
  101  10:04  Primal Hydralisk  
  103  10:39  Primal Drone x2  
  105  10:40  Primal Drone x3  
  105  10:42  Primal Attacks Level 3  
  103  10:54  Primal Mutalisk x2  
  103  10:55  Primal Mutalisk  
  100  11:44  Primal Hydralisk x3  
  100  11:45  Primal Hydralisk x3  
  112  12:18  Primal Mutalisk x2  
  112  12:19  Primal Mutalisk  
  109  12:25  Primal Hydralisk x3  
  109  12:26  Primal Hydralisk x3  
  121  12:46  Primal Carapace Level 3  
  121  12:47  Primal Drone x2  
  121  12:48  Primal Drone x3  
  129  12:50  Primal Wurm x3  
  129  12:59  Primal Mutalisk x3  
  126  13:43  Primal Hydralisk  
  126  13:44  Primal Hydralisk x5  
  123  15:07  Primal Hydralisk  
  123  15:08  Primal Hydralisk x4  
  123  15:09  Primal Hydralisk  
  135  15:13  Primal Mutalisk x2  
  135  15:14  Primal Mutalisk  
  133  15:44  Primal Drone, Primal Wurm x2  
  133  15:45  Primal Drone x3, Primal Wurm x2  
  133  15:46  Primal Drone  
  133  15:49  Primal Wurm, Primal Hydralisk x2  
  146  15:50  Primal Hydralisk x4  
  146  15:53  Primal Mutalisk x3  
  151  16:39  Primal Mutalisk x2  
  149  16:40  Primal Mutalisk  
  149  16:42  Primal Hydralisk x2  
  149  16:43  Primal Hydralisk x4  
  149  16:46  Primal Hydralisk x2  
  164  17:50  Primal Mutalisk x4  
  164  17:55  Primal Hydralisk x3  
  164  17:56  Primal Hydralisk x3  
  164  17:57  Primal Hydralisk x2  
  169  19:31  Primal Hydralisk x3  
  169  19:32  Primal Hydralisk x5  
  169  19:33  Primal Hydralisk x2  
  169  19:36  Primal Mutalisk x4  
Tags
 
Add a new tag
Caveats
  • Supply blocks, unpowered buildings, or Contaminate may cause inaccurate times.
  • Supply counts are checked every 10 seconds.